 Dungeon Crawl Stone Soup version 0.20.0-1-g1cb1d84 (webtiles) character file.

113 razzle the Skirmisher (level 4, 0/41 (42) HPs)
             Began as a Ghoul Berserker on May 27, 2017.
             Was a Believer of Trog.
             Slain by a quokka (2 damage)
             ... on level 2 of the Dungeon.
             The game lasted 00:03:17 (2082 turns).

razzle the Skirmisher (Ghoul Berserker)             Turns: 2082, Time: 00:03:18

HP:   0/41 (42)     AC:  2    Str: 20    XL:     4   Next: 96%
MP:   3/3           EV: 12    Int:  3    God:    Trog [**....]
Gold: 48            SH:  0    Dex:  8    Spells: 3/3 levels left

rFire    . . .     SeeInvis .     - Unarmed
rCold    + . .     Gourm    .   (no shield)
rNeg     + + +     Faith    .   a - +0 animal skin
rPois    ∞         Spirit   .   (no helmet)
rElec    .         Reflect  .   (no cloak)
rCorr    .         Harm     .   (no gloves)
MR       .....                  (no boots)
Stlth    +.........             (no amulet)
Regen    0.0/turn               (no ring)
MPRegen  0.1/turn               (no ring)

@: rotting
A: rotting body, claws 1, carnivore 3, cold resistance 1, negative energy
resistance 3, inhibited regeneration, torment resistance, unbreathing
a: Trog's Hand, Burn Spellbooks, Renounce Religion


You were on level 2 of the Dungeon.
You worshipped Trog.
Trog was pleased with you.
You were not hungry.

You visited 1 branch of the dungeon, and saw 2 of its levels.

You collected 48 gold pieces.

Inventory:

Armour
 a - a +0 animal skin (worn)
Jewellery
 g - an uncursed amulet of regeneration {unknown}
Scrolls
 c - 2 scrolls of remove curse {unknown}
 e - 2 scrolls of immolation {unknown}
 f - a scroll of blinking {unknown}
 j - a scroll of teleportation {unknown}
 k - a scroll of fog {unknown}
 l - a scroll of magic mapping {unknown}
 m - 2 scrolls of amnesia {unknown}
 o - a scroll of identify {unknown}
Potions
 d - a potion of magic {unknown}
 h - a potion of heal wounds {unknown}
 i - a potion of brilliance {unknown}
 n - a potion of mutation {unknown}
Comestibles
 b - a meat ration


   Skills:
 + Level 5.5 Fighting
 - Level 1.7 Armour
 - Level 1.7 Dodging
 - Level 4.0 Unarmed Combat


You had 3 spell levels left.
You didn't know any spells.

Dungeon Overview and Level Annotations

Branches:
Dungeon (2/15)

Altars:


Innate Abilities, Weirdness & Mutations

Your body is rotting away.
You thrive on raw meat.
You are immune to poison.
You have sharp fingernails.
You are carnivorous and can eat meat at any time.
Your flesh is cold resistant. (rC+)
You are immune to negative energy. (rN+++)
You do not regenerate when monsters are visible.
You are immune to unholy pain and torment.
You can survive without breathing.


Message History

* * * LOW HITPOINT WARNING * * *
You scratch the adder.
You kill the adder!
Trog accepts your kill. The bat hits you but does no damage.
The quokka completely misses you.
The bat hits you but does no damage. x2; The quokka closely misses you.
You scratch the quokka.
The quokka is moderately wounded.
The bat hits you but does no damage. The quokka barely misses you.
You completely miss the quokka.
The quokka is moderately wounded.
The bat hits you but does no damage. The quokka barely misses you.
You closely miss the quokka. Your claw misses the quokka.
The quokka is moderately wounded.
The bat hits you but does no damage. The quokka bites you.
* * * LOW HITPOINT WARNING * * *
The bat closely misses you. The bat misses you.
The quokka completely misses you. The bat hits you but does no damage.
The quokka bites you.
You die...

#.. #.. #.# #.# .. #.#
..##.# #.# #.#..# .# #.#
##....#. .#..####.# ...
.....#.#.#........
....####...##.##...#.#.#
.......@r........# #.#..
.......b.......# #.#.#
####..........## #.#.#
#.........)# #.#.#
#..........# # #...#
#..........####.#####
......................
#.#..........####.#....
..#..........# #.##.


You could see a quokka and a bat.

Vanquished Creatures
  5 adders (D:2)
  An ooze (D:1)
  2 dart slugs
  2 leopard geckos
  2 ball pythons (D:1)
  3 bats (D:2)
  A giant cockroach (D:1)
  3 hobgoblins
  9 jackals
  3 frilled lizards
  9 goblins
  7 kobolds
  9 rats
56 creatures vanquished.

Notes
Turn   | Place    | Note
-------+----------+-------------------------------------------
     0 | D:1      | razzle the Ghoul Berserker began the quest for the Orb.
     0 | D:1      | Reached XP level 1. HP: 19/19 MP: 0/0
   328 | D:1      | Reached XP level 2. HP: 20/26 MP: 1/1
   934 | D:1      | Reached XP level 3. HP: 33/33 MP: 2/2
   988 | D:1      | Reached skill level 4 in Fighting
  1103 | D:1      | Reached ** piety under Trog
  1532 | D:2      | Reached XP level 4. HP: 34/40 MP: 3/3
  1616 | D:2      | Reached skill level 5 in Fighting
  2080 | D:2      | HP: 2/41 [quokka (1)]
  2082 | D:2      | Slain by a quokka

Skill      XL: |  1  2  3  4 |
---------------+-------------+-----
Unarmed Combat | 4 |  4.0
Fighting       | 4 5 |  5.5
Armour         | |  1.7
Dodging        | |  1.7

Action                   |  1- 3 |  4- 6 || total
-------------------------+-------+-------++-------
Melee: Unarmed           |   109 |    61 ||   170
       Punch             |     1 |       ||     1
  Eat: Chunk             |     2 |     2 ||     4
Armor: Animal skin       |     5 |    22 ||    27
Dodge: Dodged            |    73 |    54 ||   127
